Map: Old Sun Temple LE

Players

ViBE - Winner!

  • Race: Zerg Zerg
  • League: Master

mkultra

  • Race: Zerg Zerg

VOD

Have the link to the VOD?

Description

Time

  • Played on: Oct. 13, 2026, 8:58 p.m.
  • Length: 7:22
Show
View Real Time Build Order
Export as new Build Order

ViBE Zerg - Winner!

Build Orders: Hatch First 

Get SALT Encoding   

  12  0:00  Drone  
  13  0:13  Overlord  
  13  0:17  Drone  
  14  0:31  Drone x2  
  16  0:36  Drone  
  17  0:53  Hatchery  
  17  0:54  Drone  
  17  0:57  Drone  
  18  1:11  Spawning Pool  
  18  1:13  Drone  
  18  1:17  Drone  
  19  1:28  Drone  
  20  1:39  Overlord  
  20  1:42  Extractor  
  19  1:49  Drone  
  20  1:59  Queen  
  22  2:01  Drone  
  22  2:04  Queen  
  22  2:05  Drone  
  26  2:11  Drone  
  27  2:16  Drone  
  27  2:22  Drone  
  29  2:29  Drone  
  30  2:32  Overlord  
  30  2:38  Drone  
  30  2:40  Queen  
  33  2:44  Lair  
  33  2:45  Drone  
  33  2:48  Drone  
  35  2:51  Roach Warren  
  35  2:54  Drone  
  35  3:03  Drone  
  36  3:08  Drone x4  
  36  3:12  Overlord  
  40  3:13  Drone x3  
  40  3:19  Drone  
  44  3:29  Extractor x2  
  44  3:31  Overlord  
  44  3:33  Drone  
  43  3:34  Drone  
  43  3:40  Drone x3  
  47  3:44  Drone x2  
  47  3:45  Drone  
  50  3:48  Hatchery  
  50  3:49  Glial Reconstitution  
  49  3:57  Overlord  
  49  3:58  Roach  
  49  3:59  Roach x2  
  55  4:06  Queen  
  57  4:13  Roach, Overlord  
  57  4:17  Roach x2  
  63  4:19  Roach  
  65  4:26  Overlord  
  65  4:27  Overlord  
  65  4:29  Drone x2  
  65  4:30  Drone  
  68  4:33  Drone  
  69  4:42  Drone x2  
  71  4:50  Drone  
  71  4:52  Drone  
  73  4:53  Hydralisk Den, Evolution Chamber  
  73  4:55  Drone x5  
  73  4:57  Evolution Chamber, Drone  
  76  5:02  Drone  
  77  5:09  Drone x2  
  77  5:12  Drone  
  77  5:14  Extractor  
  79  5:16  Extractor  
  79  5:17  Overlord, Extractor  
  79  5:19  Drone  
  78  5:24  Zerg Missile Weapons Level 1, Zerg Ground Armor Level 1, Grooved Spines  
  78  5:25  Drone x4  
  78  5:27  Drone  
  84  5:28  Drone  
  84  5:29  Drone  
  84  5:32  Drone x2  
  84  5:33  Drone  
  88  5:37  Overlord  
  88  5:51  Overlord x2  
  88  5:53  Drone, Hydralisk x2  
  88  5:54  Hydralisk  
  95  6:00  Hydralisk x2  
  95  6:01  Hydralisk, Hatchery  
  95  6:03  Hydralisk  
  102  6:09  Hydralisk x2  
  102  6:11  Hydralisk  
  89  6:15  Muscular Augments  
  89  6:16  Hydralisk  
  89  6:17  Hydralisk  
  80  6:20  Hydralisk  
  80  6:23  Hydralisk  
  78  6:30  Hydralisk  
  78  6:31  Hydralisk  
  82  6:40  Hydralisk x3  
  82  6:44  Hydralisk  
  88  6:53  Hydralisk x2  
Show
View Real Time Build Order
Export as new Build Order

mkultra Zerg 

Build Orders: Pool First 

Get SALT Encoding   

  12  0:04  Drone  
  13  0:26  Overlord  
  13  0:32  Drone  
  14  0:40  Spawning Pool  
  14  0:41  Drone  
  14  0:48  Extractor, Drone  
  14  0:53  Drone  
  15  1:01  Drone  
  16  1:19  Hatchery  
  15  1:27  Drone x2  
  17  1:37  Drone  
  18  1:46  Zergling x2  
  19  1:54  Drone  
  20  1:57  Metabolic Boost  
  20  2:04  Drone  
  21  2:14  Overlord  
  21  2:24  Overlord  
  21  2:32  Queen  
  21  2:35  Queen  
  25  2:37  Zergling x2  
  25  2:38  Zergling x2  
  27  2:47  Zergling x4  
  29  3:02  Zergling x2  
  29  3:03  Zergling x2  
  31  3:08  Zergling x4  
  33  3:16  Lair  
  33  3:23  Zergling x2  
  33  3:24  Zergling x2  
  35  3:27  Overlord  
  35  3:31  Overlord  
  35  3:46  Zergling x4  
  35  3:47  Zergling x10  
  42  3:50  Zergling x2  
  43  4:13  Drone x4  
  43  4:14  Drone  
  48  4:21  Zergling x6  
  48  4:22  Zergling x2  
  52  4:27  Overlord  
  52  4:38  Spore Crawler  
  51  4:41  Spore Crawler  
  50  4:46  Spine Crawler  
  50  4:52  Spine Crawler  
  49  4:56  Spine Crawler  
  49  4:58  Zergling x2  
  49  4:59  Zergling x8  
  54  5:01  Zergling x2  
  54  5:02  Zergling x2  
  56  5:21  Zergling x2  
  56  5:22  Zergling x10  
  59  6:14  Zergling x2  
  59  6:15  Zergling x18  
  66  6:18  Overlord  
  66  6:19  Overlord  
  41  7:01  Zergling x2  
  41  7:02  Zergling x10  
Tags
 
Add a new tag
Caveats
  • Supply blocks, unpowered buildings, or Contaminate may cause inaccurate times.
  • Supply counts are checked every 10 seconds.